 Dungeon Crawl Stone Soup version 0.21-a0-19-g210df22 (webtiles) character file.

454 lauthentik the Conjurer (level 6, -13/48 HPs)
             Began as a Draconian Conjurer on May 24, 2017.
             Was an Initiate of Sif Muna.
             Mangled by an ogre
             ... wielding a +0 giant spiked club
              (22 damage)
             ... on level 4 of the Dungeon.
             The game lasted 00:21:14 (3358 turns).

lauthentik the Conjurer (Draconian Conjurer)        Turns: 3358, Time: 00:21:15

Health: -13/48     AC:  7    Str: 10    XL:     6   Next: 76%
Magic:  0/11       EV: 12    Int: 18    God:    Sif Muna [......]
Gold:   176        SH:  3    Dex: 11    Spells: 4/12 levels left

rFire    . . .     SeeInvis .   r - +0 blowgun
rCold    . . .     Gourm    .   e - +0 buckler
rNeg     . . .     Faith    .   (armour unavailable)
rPois    .         Spirit   .   (helmet restricted)
rElec    .         Reflect  .   (no cloak)
rCorr    .         Harm     .   z - +0 pair of gloves
MR       .....                  (no boots)
Stlth    +++.......             (no amulet)
Regen    0.2/turn               j - ring of stealth
MPRegen  0.2/turn               (no ring)

@: no status effects
A: unfitting armour, cold-blooded, AC +6
a: Renounce Religion


You were on level 4 of the Dungeon.
You worshipped Sif Muna.
Sif Muna was noncommittal.
You were hungry.

You visited 1 branch of the dungeon, and saw 5 of its levels.

You collected 176 gold pieces.

Inventory:

Hand Weapons
 r - a +0 blowgun (weapon)
Missiles
 v - 2 tomahawks (quivered)
Armour
 e - a +0 buckler (worn)
 z - a +0 pair of gloves (worn)
Jewellery
 j - a ring of stealth (left hand)
Scrolls
 c - 3 scrolls of identify {unknown}
 d - 5 scrolls of enchant weapon {unknown}
 f - a scroll of fear {unknown}
 k - a scroll of amnesia {unknown}
 o - a scroll of recharging {unknown}
 p - 2 scrolls of remove curse {unknown}
 q - 2 scrolls of fog {unknown}
 y - a scroll of enchant armour {unknown}
Potions
 g - 2 potions of curing
 i - a potion of flight {unknown}
 l - a potion of cancellation {unknown}
 m - a potion of ambrosia {unknown}
 n - a potion of heal wounds {unknown}
 t - 2 potions of haste {unknown}
 u - 2 potions of brilliance {unknown}
Books
 a - a book of Conjurations

   Spells                             Type                      Level
   a - Magic Dart                     Conjuration                  1
   b - Searing Ray                    Conjuration                  2
   c - Dazzling Spray                 Conjuration/Hexes            3
   d - Fulminant Prism                Conjuration/Hexes            4
   e - Force Lance                    Conjuration/Translocation    4
   f - Iskenderun's Mystic Blast      Conjuration                  4
Comestibles
 b - 5 bread rations
 h - 4 fruits
 w - a royal jelly
 x - a meat ration


   Skills:
 + Level 1.8 Fighting
 + Level 1.9 Throwing
 + Level 2.8 Dodging
 + Level 2.1 Stealth
 + Level 0.2 Shields
 + Level 1.9 Unarmed Combat
 + Level 3.8 Spellcasting
 + Level 5.4 Conjurations


You had 4 spell levels left.
You knew the following spells:

 Your Spells              Type           Power        Failure   Level  Hunger
a - Magic Dart            Conj           ###.         2%          1    None
b - Dazzling Spray        Conj/Hex       ##....       24%         3    ###....
c - Iskenderun's Mystic   Conj           ###.....     26%         4    ####...


Dungeon Overview and Level Annotations

Branches:
Dungeon (5/15)             Temple (0/1) D:4

Altars:
Gozag
Qazlal
Sif Muna
Trog
Uskayaw
Wu Jian

Annotations:
D:3 2 transporters


Innate Abilities, Weirdness & Mutations

Your plain brown scales are hard. (AC +6)
You cannot fit into any form of body armour.
You are cold-blooded and may be slowed by cold attacks.


Message History

You shoot a poisoned needle. The poisoned needle hits the ogre.
The ogre is heavily wounded.
The phantom blinks!
The ogre hits you but does no damage.
Things that are here:
a poisoned needle; a quokka corpse Throwing (i - inventory):
v - 4 tomahawks (quivered)
Press: ? - help, Shift-Dir - straight line, f/p - ogre
Aim: an ogre, wielding a giant spiked club (heavily wounded, poisoned)
You throw a tomahawk. The tomahawk hits the ogre.
The ogre is severely wounded.
The ogre looks more healthy.
The phantom closely misses you. The ogre barely misses you.
You block the phantom's attack.
Throwing (i - inventory):
v - 3 tomahawks (quivered)
Press: ? - help, Shift-Dir - straight line, f/p - ogre
Aim: an ogre, wielding a giant spiked club (severely wounded)
You throw a tomahawk.
The tomahawk hits the ogre but does no damage.
The ogre is severely wounded.
The ogre hits you with a giant spiked club!!
You die...

... <# ###.### .#
#.....#..#
###.#.#.#..#
...........# #.#.#>#
#.....# ###W###
####### ####@#
#.....# #((O.#
#.....# #(####
###.....####.#
##.'..>..'.##.#
#..#.....#.##>#
...#.....#.##.#
...#.....#....####.##
.############...(WO..


You could see a phantom and an ogre.

Vanquished Creatures
  A scorpion (D:4)
  2 hounds
  3 orc priests
  Terence (D:3)
  An orc wizard (D:5)
  A hound zombie (D:3)
  A hound skeleton (D:3)
  2 howler monkey zombies (D:3)
  6 adders
  2 adder skeletons (D:3)
  A worm (D:3)
  A dart slug (D:2)
  A leopard gecko (D:3)
  7 orcs (D:3)
  9 bats
  3 giant cockroaches
  8 goblins
  6 hobgoblins
  17 jackals
  3 quokkas
  4 frilled lizards
  7 kobolds
  2 quokka skeletons
  7 rats
96 creatures vanquished.

Notes
Turn   | Place    | Note
-------+----------+-------------------------------------------
     0 | D:1      | lauthentik the Draconian Conjurer began the quest for the Orb.
     0 | D:1      | Reached XP level 1. HP: 14/14 MP: 3/3
   378 | D:1      | Reached XP level 2. HP: 11/20 MP: 0/5
   783 | D:2      | Reached XP level 3. HP: 20/26 MP: 0/6
  1146 | D:2      | Learned a level 3 spell: Dazzling Spray
  1183 | D:2      | Noticed a hand axe
  1203 | D:2      | Noticed a hand axe
  1261 | D:2      | Found a hide-covered altar of Uskayaw.
  1409 | D:2      | Reached XP level 4. HP: 32/33 MP: 4/8
  1666 | D:3      | Noticed a big kobold
  1681 | D:3      | Reached skill level 1 in Unarmed Combat
  1989 | D:3      | Found a bloodstained altar of Trog.
  1989 | D:3      | Found an opulent altar of Gozag.
  1997 | D:3      | Found a stormy altar of Qazlal.
  2060 | D:3      | Reached skill level 5 in Conjurations
  2060 | D:3      | Reached XP level 5. HP: 19/39 MP: 7/9
  2411 | D:3      | Reached skill level 1 in Throwing
  2459 | D:3      | Found an ornate altar of the Wu Jian Council.
  2566 | D:3      | Found a deep blue altar of Sif Muna.
  2569 | D:3      | Became a worshipper of Sif Muna the Loreminder
  2653 | D:3      | Noticed Terence
  2664 | D:3      | Killed Terence
  2664 | D:3      | Reached skill level 1 in Fighting
  2761 | D:3      | Reached XP level 6. HP: 14/47 MP: 8/11
  3165 | D:4      | Found a staircase to the Ecumenical Temple.
  3180 | D:4      | Learned a level 4 spell: Iskenderun's Mystic Blast
  3210 | D:5      | Entered Level 5 of the Dungeon
  3358 | D:4      | Mangled by an ogre

Vault maps used:
D:1:      dpeg_arrival_stone_temple_mockup
D:2:      dancing_weapons_uskayaw, first_bread, minmay_misc_feat_enclosed,
          corexii_corridor_pit
D:3:      overflow_temple_1_default, gammafunk_temple_overflow_arena,
          serial_undead, serial_undead_e, serial_undead_a, serial_undead_e,
          serial_undead_f, grunt_ministairs_8, lemuel_blue_sif_altar,
          uniq_terence
D:4:      temple_green, hangedman_decor_points, minmay_misc_feat_tiny,
          kennysheep_okawaru_gauntlet

Skill      XL: |  1  2  3  4  5 |
---------------+----------------+-----
Dodging        | 2 |  2.8
Stealth        | 2 |  2.1
Unarmed Combat | 1 |  1.9
Spellcasting   | 3 |  3.8
Conjurations   | 5 |  5.4
Throwing       | 1 |  1.9
Fighting       | 1 |  1.8
Shields        | |  0.2

Action                   |  1- 3 |  4- 6 || total
-------------------------+-------+-------++-------
Melee: Unarmed           |    86 |    56 ||   142
       Tailslap          |    11 |     8 ||    19
 Fire: Blowgun           |       |    55 ||    55
Throw: Tomahawk          |       |     7 ||     7
 Cast: Magic Dart        |    78 |   148 ||   226
       Dazzling Spray    |       |     1 ||     1
  Use: Potion            |       |     1 ||     1
  Eat: Chunk             |     3 |     5 ||     8
Armor: Skin              |    36 |    39 ||    75
Dodge: Dodged            |    81 |    88 ||   169
Block: Buckler           |    12 |    13 ||    25
